 Dungeon Crawl Stone Soup version 0.27-a0-522-g46bbb28828 (webtiles) character file.

Game seed: 7013297813717608155

4 jasper the Vexing (level 1, 0/15 HPs)
             Began as a Demonspawn Arcane Marksman on Mar 4, 2021.
             Slain by a goblin (3 damage)
             ... on level 1 of the Dungeon.
             The game lasted 00:00:36 (298 turns).

jasper the Vexing (Demonspawn Arcane Marksman)       Turns: 298, Time: 00:00:36

Health: 0/15       AC:  2    Str: 10    XL:     1   Next: 58%
Magic:  2/2        EV:  9    Int: 14    God:
Gold:   13         SH:  6    Dex: 13    Spells: 1/2 levels left

rFire    . . .     SeeInvis .   f - +0 club
rCold    . . .     Faith    .   e - +0 kite shield
rNeg     . . .     Spirit   .   a - +0 robe
rPois    .         Reflect  .   (no helmet)
rElec    .         Harm     .   (no cloak)
rCorr    .         Rampage  .   (no gloves)
Will     .....                  (no boots)
Stlth    +.........             (no amulet)
HPRegen  0.05/turn              (no ring)
MPRegen  0.08/turn              (no ring)

@: no status effects
A: no striking features
a: no special abilities


You were on level 1 of the Dungeon.
You visited 1 branch of the dungeon, and saw 1 of its levels.

You collected 13 gold pieces.

Inventory:

Hand Weapons
 f - a +0 club (weapon)
Missiles
 b - 17 poisoned darts
 c - 4 javelins (quivered)
 d - 2 throwing nets
 g - 21 sling bullets
Armour
 a - a +0 robe (worn)
 e - a +0 kite shield (worn)
Scrolls
 h - a scroll of teleportation {unknown}
 i - a scroll of identify {unknown}


   Skills:
 + Level 1.1 Fighting
 * Level 2.0 Throwing
 - Level 0.1 Armour
 + Level 1.9 Dodging
 - Level 1.0 Spellcasting
 - Level 3.0 Hexes


You had one spell level left.
You knew the following spells:

 Your Spells              Type           Power        Failure   Level
a - Corona                Hex            10%          47%         1

Your spell library contained the following spells:

 Spells                   Type           Power        Failure   Level
 Slow                     Hex            9%           63%         2
 Inner Flame              Hex/Fire       4%           96%         3
 Portal Projectile        Hex/Tloc       8%           96%         3
 Cause Fear               Hex            4%           99%         4
 Leda's Liquefaction      Hex/Erth       2%           100%        4


Dungeon Overview and Level Annotations

Branches:
Dungeon (1/15)

Altars:


Message History

No target in view!
No target in view!
c - 5 javelins (gained 1)
Found a dagger.
You see here a +0 dagger.
You now have 13 gold pieces (gained 9).
A goblin comes into view.
The goblin shouts!
A goblin is nearby!
The goblin hits you.
You take 1 damage, and have 14/15 hp.
You closely miss the goblin. You block the goblin's attack.
Health restored: 15 You completely miss the goblin.
The goblin hits you. You block the goblin's attack.
You take 2 damage, and have 13/15 hp.
You closely miss the goblin. The goblin hits you but does no damage.
The goblin hits you.
You take 2 damage, and have 11/15 hp.
You miss the goblin. The goblin hits you.
You take 2 damage, and have 9/15 hp.
You are too injured to fight recklessly!
You closely miss the goblin. The goblin barely misses you.
You block the goblin's attack.
You completely miss the goblin. The goblin closely misses you.
You closely miss the goblin. The goblin hits you. x2
* * * LOW HITPOINT WARNING * * *
You take 5 damage, and have 4/15 hp.
MASSIVE DAMAGE!!
You closely miss the goblin. You block the goblin's attack.
The goblin hits you.
* * * LOW HITPOINT WARNING * * *
You take 1 damage, and have 3/15 hp.
Your shield prevents you from hitting the goblin.
The goblin barely misses you.
Throw: 5 javelins
Press: ? - help, Q - select action, (/) - cycle Shift-Dir - straight line, f - goblin
Aim: a goblin (50% to hit)
You throw a javelin. The javelin misses the goblin.
The goblin hits you but does no damage. The goblin hits you.
You die...

##### #...# #.#.#
#.#.# #.#.#
##############.#)#
(.....g@.......#.#
################.#
.........# #
##......##
..####......#
...........#
#........#
#........## #
#.........#


You could see a goblin.

Vanquished Creatures
  2 hobgoblins (D:1)
  A bat (D:1)
  2 rats (D:1)
5 creatures vanquished.

Notes
Turn   | Place    | Note
-------+----------+-------------------------------------------
     0 | D:1      | jasper the Demonspawn Arcane Marksman began the quest for
                  | the Orb.
     0 | D:1      | Reached XP level 1. HP: 15/15 MP: 2/2
   298 | D:1      | Slain by a goblin

Illustrated notes

Levels and vault maps discovered:
D:1:      denvon_arrival_planthouse, layout_basic, st_stairs_13

Skill      XL: |  1 |
---------------+----+-----
Throwing       | 2 |  2.0
Fighting       | |  1.1
Armour         | |  0.1
Dodging        | |  1.9
Spellcasting   | |  1.0
Hexes          | |  3.0

Action                   || total
-------------------------++-------
Melee: Club              ||    22
Throw: Javelin           ||     7
Armor: Robe              ||     8
Dodge: Dodged            ||     6
Block: Kite shield       ||    14

Table legend: (Time is in decaauts)
 A = Elapsed time spent in this place.
 B = Non-inter-level travel time spent in this place.
 C = Inter-level travel time spent in this place.
 D = Time resting spent in this place.
 E = Time spent auto-exploring this place.
 F = Levels seen in this place.
 G = Mean time per level.
                   A        B        C        D        E       F      G
               +--------+--------+--------+--------+--------+-----+--------+
         Total |    313 |    313 |      0 |      0 |    213 |   1 |  313.0 |
       Dungeon |    313 |    313 |      0 |      0 |    213 |   1 |  313.0 |
               +--------+--------+--------+--------+--------+-----+--------+

Top non-repeatable levels by time:
     D:1: 313 daAuts
